Quebec Nordiques vs Vancouver Canucks
Created - Monday, May 5, 2025 at 07:43
Goals
|
| Quebec Nordiques |
1 |
1 |
0 |
2 |
| Vancouver Canucks |
1 |
1 |
3 |
5 |
|
Shots
|
| Quebec Nordiques |
7 |
16 |
4 |
27 |
| Vancouver Canucks |
6 |
8 |
15 |
29 |
|
1st period
1. Vancouver Canucks , Clayton Keller 21 (Mikko Rantanen 31) at 14:01
2. Quebec Nordiques , Shane Pinto 21 (Alex DeBrincat 40, J.J. Moser 20) at 14:44
Penalties :
J.J. Moser (QUE) for Interference (Minor) at 6:13, Robby Fabbri (VAN) for Tripping (Minor) at 13:55, Matt Duchene (QUE) for Cross-checking (Minor) at 14:00
2nd period
3. Vancouver Canucks , Casey Mittelstadt 15 (Ty Dellandrea 7, Chad Ruhwedel 10) at 12:56
4. Quebec Nordiques , Timo Meier 26 (Shane Pinto 43, Alex DeBrincat 41) at 16:10
Penalties :
Rickard Rakell (QUE) for Delaying the game (Minor) at 2:02, Miro Heiskanen (VAN) for Tripping (Minor) at 7:34
3rd period
5. Vancouver Canucks , Anton Lundell 7 (Casey Mittelstadt 26, Emil Martinsen Lilleberg 4) at 5:03
6. Vancouver Canucks , Mikko Rantanen 34 (Clayton Keller 35, Aleksander Barkov 28) at 10:06
7. Vancouver Canucks , Robby Fabbri 15 (Casey Mittelstadt 27) at 15:52
Penalties :
Anton Lundell (VAN) for Diving (Minor) at 6:07, Alex DeBrincat (QUE) for Tripping (Minor) at 12:53, Timo Meier (QUE) for Tripping (Minor) at 17:48
Goalie Stats
Joseph Woll (QUE), 24 saves from 29 shots - (0.828), L, 24-16-5, 60:00 minutes
Justus Annunen (VAN), 25 saves from 27 shots - (0.926), W, 8-11-0, 60:00 minutes
Players Stats for Quebec Nordiques
Player Name G A P +/- PIM S H SB GA TA FO MP PP MP PK MP
------------------------------------------------------------------------------------
Alex DeBrincat 0 2 2 1 2 5 1 0 3 0 1/1 17:23 2:03 0:00
Alexandre Carrier 0 0 0 -2 0 4 0 1 0 3 0/0 21:58 1:45 4:08
Anthony Mantha 0 0 0 -1 0 0 2 0 2 0 0/0 12:26 0:00 0:00
Cole Perfetti 0 0 0 -1 0 1 2 0 0 0 0/1 13:23 2:00 0:01
J.J. Moser 0 1 1 -1 2 0 1 3 0 1 0/0 23:51 2:18 2:39
Jonas Siegenthaler 0 0 0 -1 0 3 1 0 0 1 0/0 20:28 1:45 3:48
Jonatan Berggren 0 0 0 -1 0 2 0 1 0 1 1/1 11:02 0:00 0:00
Jordan Greenway 0 0 0 -2 0 1 1 0 0 0 0/0 13:27 0:00 4:10
Luke Kunin 0 0 0 -1 0 1 1 0 0 0 0/0 11:44 0:00 3:50
Marc Staal 0 0 0 0 0 0 2 1 0 0 0/0 13:38 0:00 0:42
Marco Rossi 0 0 0 -2 0 2 4 0 0 0 7/9 11:37 0:00 0:01
Matt Duchene 0 0 0 -1 2 0 2 0 0 0 10/16 14:54 2:02 0:00
Michael Anderson 0 0 0 -2 0 0 2 1 1 0 0/0 26:36 2:18 4:13
Michael McCarron 0 0 0 -2 0 0 2 1 0 0 0/3 13:27 0:00 4:10
Rickard Rakell 0 0 0 -2 2 2 1 0 0 0 1/1 15:15 2:03 0:00
Ryan Shea 0 0 0 0 0 1 0 0 0 1 0/0 13:28 0:00 0:32
Shane Pinto 1 1 2 2 0 2 5 1 1 0 9/22 20:10 2:00 3:50
Timo Meier 1 0 1 1 2 3 2 0 1 0 0/1 15:13 2:00 0:00
Players Stats for Vancouver Canucks
Player Name G A P +/- PIM S H SB GA TA FO MP PP MP PK MP
------------------------------------------------------------------------------------
Aleksander Barkov 0 1 1 1 0 3 2 1 0 0 10/26 21:32 4:20 2:02
Anton Lundell 1 0 1 2 2 3 0 0 0 0 0/0 15:22 3:39 0:00
Artturi Lehkonen 0 0 0 0 0 2 3 1 2 2 2/2 18:23 3:57 1:49
Brett Leason 0 0 0 0 0 0 0 0 0 0 0/0 8:47 0:00 1:59
Casey Mittelstadt 1 2 3 1 0 3 1 1 1 0 3/6 16:19 3:45 0:12
Chad Ruhwedel 0 1 1 0 0 0 0 0 0 2 0/0 15:20 0:00 2:04
Clayton Keller 1 1 2 2 0 2 2 1 0 1 0/2 20:27 4:16 0:00
Connor Zary 0 0 0 1 0 4 2 2 2 0 5/9 17:25 3:35 0:00
Emil Martinsen Lilleberg 0 1 1 0 0 0 2 0 0 0 0/0 12:24 0:00 0:00
Jacob Bernard-Docker 0 0 0 0 0 0 0 0 0 0 0/0 15:20 0:00 2:04
Jesperi Kotkaniemi 0 0 0 0 0 0 1 0 0 0 0/1 6:48 0:00 0:00
Matias Maccelli 0 0 0 -1 0 2 0 0 0 0 0/1 7:50 0:07 0:00
Mikko Rantanen 1 1 2 2 0 4 2 2 0 0 6/7 21:14 4:16 0:15
Miro Heiskanen 0 0 0 1 2 3 0 0 0 2 0/0 24:15 4:20 0:00
Noah Hanifin 0 0 0 3 0 1 1 1 2 0 0/0 27:56 3:41 1:59
Robby Fabbri 1 0 1 1 2 2 1 1 0 0 0/1 17:23 3:34 0:00
Ryan McDonagh 0 0 0 1 0 0 1 0 0 1 0/0 15:16 0:05 1:59
Ty Dellandrea 0 1 1 1 0 0 1 1 0 0 0/0 11:59 0:30 1:49
3 Stars
1 - Casey Mittelstadt (VAN)
2 - Mikko Rantanen (VAN)
3 - Clayton Keller (VAN)
Power Play
Quebec Nordiques - 0 on 3 Attempt(s) - 0.00%
Vancouver Canucks - 0 on 5 Attempt(s) - 0.00%
Penalty Kill
Quebec Nordiques - 5 on 5 Attempt(s) - 100.00%
- Score 0 goal in Penalty Kill
Vancouver Canucks - 3 on 3 Attempt(s) - 100.00%
- Score 0 goal in Penalty Kill
Team Stat
Quebec Nordiques - Hits : 29 - Faceoff Wins : 29 - Blocked Shots : 9 - Penalty Minutes : 10
Vancouver Canucks - Hits : 19 - Faceoff Wins : 26 - Blocked Shots : 11 - Penalty Minutes : 6
Official
Referees : Kelly Sutherland and Morgan Macphee
Linesman : Justin Johnson and Libor Suchanek
Game Notes
No Game Note
Finance
Level 1 -- Attendance: 4406 (73.43%) -- Ticket Income $436,194
Level 2 -- Attendance: 3930 (78.60%) -- Ticket Income $231,870
Level 3 -- Attendance: 2171 (72.37%) -- Ticket Income $73,814
Level 4 -- Attendance: 4015 (80.30%) -- Ticket Income $96,360
Luxury Box -- Attendance: 782 (78.20%) -- Ticket Income $155,618
Game was played at the Rogers Arena.
Total Attendance: 15304 (76.52%)
Total Ticket Income: $993,856
Other Income: $347,850
Total Income: $1,341,706
Quebec Nordiques
5 vs 5 Forward
Center Left Wing Right Wing Time % Phy DF OF
1 Matt Duchene Anthony Mantha Rickard Rakell 30 1 2 2
2 Shane Pinto Alex DeBrincat Timo Meier 30 1 2 2
3 Marco Rossi Jonatan Berggren Cole Perfetti 25 1 2 2
4 Michael McCarron Luke Kunin Jordan Greenway 15 1 2 2
5 vs 5 Defense
Defense Defense Time % Phy DF OF
1 J.J. Moser Michael Anderson 30 1 2 2
2 Alexandre Carrier Jonas Siegenthaler 30 1 2 2
3 Marc Staal Ryan Shea 25 1 2 2
4 J.J. Moser Michael Anderson 15 1 2 2
PowerPlay Forward
Center Left Wing Right Wing Time % Phy DF OF
1 Matt Duchene Alex DeBrincat Rickard Rakell 50 1 2 2
2 Shane Pinto Cole Perfetti Timo Meier 50 1 2 2
PowerPlay Defense
Defense Defense Time % Phy DF OF
1 J.J. Moser Michael Anderson 50 1 2 2
2 Alexandre Carrier Jonas Siegenthaler 50 1 2 2
Penalty Kill 4 Players Forward
Center Wing Time % Phy DF OF
1 Michael McCarron Jordan Greenway 50 1 2 2
2 Shane Pinto Luke Kunin 50 1 2 2
Penalty Kill 4 Players Defense
Defense Defense Time % Phy DF OF
1 Alexandre Carrier Michael Anderson 50 1 2 2
2 J.J. Moser Jonas Siegenthaler 50 1 2 2
Penalty Kill - 3 Players Forward
Forward Time % Phy DF OF
1 Michael McCarron 50 1 2 2
2 Shane Pinto 50 1 2 2
Penalty Kill - 3 Players Defense
Defense Defense Time % Phy DF OF
1 Alexandre Carrier Michael Anderson 50 1 2 2
2 J.J. Moser Jonas Siegenthaler 50 1 2 2
4 vs 4 Forward
Center Wing Time % Phy DF OF
1 Matt Duchene Rickard Rakell 50 1 2 2
2 Shane Pinto Alex DeBrincat 50 1 2 2
4 vs 4 Defense
Defense Defense Time % Phy DF OF
1 J.J. Moser Michael Anderson 50 1 2 2
2 Alexandre Carrier Jonas Siegenthaler 50 1 2 2
Last Minutes Offensive
Center Left Wing Right Wing Defense Defense
Matt Duchene Anthony Mantha Rickard Rakell J.J. Moser Michael Anderson
Last Minutes Defensive
Center Left Wing Right Wing Defense Defense
Shane Pinto Jordan Greenway Michael McCarron J.J. Moser Michael Anderson
Goaltenders
Starting : Joseph Woll
Backup : Lukas Dostal
Extra Forwards
Normal : Marco Rossi, Cole Perfetti, Jonatan Berggren - PP : Marco Rossi, Anthony Mantha - PK : Matt Duchene
Extra Defensemen
Normal : J.J. Moser, Michael Anderson, Alexandre Carrier - PP : Marc Staal - PK : Marc Staal, Ryan Shea
Penalty Shots
Alex DeBrincat, Rickard Rakell, Matt Duchene, Anthony Mantha, Timo Meier
Scratches
Jakub Voracek (Healthy), Rem Pitlick (Healthy), Connor Brown (Healthy), Justin Holl (Sports Hernia Injury)
Vancouver Canucks
5 vs 5 Forward
Center Left Wing Right Wing Time % Phy DF OF
1 Aleksander Barkov Clayton Keller Mikko Rantanen 40 1 1 3
2 Connor Zary Robby Fabbri Artturi Lehkonen 30 1 2 2
3 Casey Mittelstadt Anton Lundell Ty Dellandrea 20 1 2 2
4 Jesperi Kotkaniemi Matias Maccelli Brett Leason 10 1 3 1
5 vs 5 Defense
Defense Defense Time % Phy DF OF
1 Noah Hanifin Miro Heiskanen 30 1 2 2
2 Ryan McDonagh Emil Martinsen Lilleberg 30 1 2 2
3 Chad Ruhwedel Jacob Bernard-Docker 25 1 2 2
4 Noah Hanifin Miro Heiskanen 15 1 2 2
PowerPlay Forward
Center Left Wing Right Wing Time % Phy DF OF
1 Mikko Rantanen Clayton Keller Artturi Lehkonen 50 0 1 4
2 Casey Mittelstadt Connor Zary Robby Fabbri 50 0 1 4
PowerPlay Defense
Defense Defense Time % Phy DF OF
1 Aleksander Barkov Miro Heiskanen 50 0 1 4
2 Noah Hanifin Anton Lundell 50 0 1 4
Penalty Kill 4 Players Forward
Center Wing Time % Phy DF OF
1 Aleksander Barkov Brett Leason 50 1 2 2
2 Artturi Lehkonen Ty Dellandrea 50 1 2 2
Penalty Kill 4 Players Defense
Defense Defense Time % Phy DF OF
1 Ryan McDonagh Noah Hanifin 50 1 2 2
2 Jacob Bernard-Docker Chad Ruhwedel 50 1 2 2
Penalty Kill - 3 Players Forward
Forward Time % Phy DF OF
1 Brett Leason 50 1 2 2
2 Aleksander Barkov 50 1 2 2
Penalty Kill - 3 Players Defense
Defense Defense Time % Phy DF OF
1 Ryan McDonagh Noah Hanifin 50 1 2 2
2 Jacob Bernard-Docker Chad Ruhwedel 50 1 2 2
4 vs 4 Forward
Center Wing Time % Phy DF OF
1 Mikko Rantanen Clayton Keller 50 1 2 2
2 Casey Mittelstadt Matias Maccelli 50 1 2 2
4 vs 4 Defense
Defense Defense Time % Phy DF OF
1 Noah Hanifin Ryan McDonagh 50 1 2 2
2 Jacob Bernard-Docker Chad Ruhwedel 50 1 2 2
Last Minutes Offensive
Center Left Wing Right Wing Defense Defense
Aleksander Barkov Clayton Keller Mikko Rantanen Noah Hanifin Miro Heiskanen
Last Minutes Defensive
Center Left Wing Right Wing Defense Defense
Aleksander Barkov Artturi Lehkonen Brett Leason Noah Hanifin Ryan McDonagh
Goaltenders
Starting : Justus Annunen
Backup : Joonas Korpisalo
Extra Forwards
Normal : Brett Leason, Mikko Rantanen, Clayton Keller - PP : Clayton Keller, Mikko Rantanen - PK : Mikko Rantanen
Extra Defensemen
Normal : Noah Hanifin, Miro Heiskanen, Ryan McDonagh - PP : Noah Hanifin - PK : Noah Hanifin, Miro Heiskanen
Penalty Shots
Artturi Lehkonen, Mikko Rantanen, Clayton Keller, Brett Leason, Miro Heiskanen
Scratches
Adam Boqvist (Healthy), Aku Raty (Healthy), Jacob Bryson (Healthy), Ville Husso (Healthy)
% Time on Ice - Quebec Nordiques
Lines # - Real PCT - Wanted PCT - Time Play
Normal Forward
1 - 30% - 30% - 13:52
2 - 29% - 30% - 13:15
3 - 24% - 25% - 11:02
4 - 17% - 15% - 7:53
Normal Defense
1 - 30% - 30% - 13:42
2 - 31% - 30% - 14:30
3 - 28% - 25% - 12:56
4 - 11% - 15% - 4:54
PP Forward
1 - 51% - 50% - 2:03
2 - 49% - 50% - 2:00
PP Defense
1 - 57% - 50% - 2:18
2 - 43% - 50% - 1:45
PK Forward
1 - 52% - 50% - 4:11
2 - 48% - 50% - 3:50
PK Defense
1 - 53% - 50% - 4:13
2 - 47% - 50% - 3:48
PK3 Forward
1 - 0% - 50%
2 - 0% - 50%
PK3 Defense
1 - 0% - 50%
2 - 0% - 50%
44 Forward
1 - 43% - 50% - 0:49
2 - 57% - 50% - 1:05
44 Defense
1 - 78% - 50% - 1:29
2 - 22% - 50% - 0:25
Last Minute Offensive - 0:00
Last Minute Defensive - 0:00
Total
Forward - 60:00
Defense - 60:00
|
% Time on Ice - Vancouver Canucks
Lines # - Real PCT - Wanted PCT - Time Play
Normal Forward
1 - 34% - 40% - 15:40
2 - 30% - 30% - 13:54
3 - 21% - 20% - 9:40
4 - 15% - 10% - 6:48
Normal Defense
1 - 31% - 30% - 14:28
2 - 33% - 30% - 15:03
3 - 25% - 25% - 11:20
4 - 11% - 15% - 5:11
PP Forward
1 - 53% - 50% - 4:16
2 - 47% - 50% - 3:45
PP Defense
1 - 55% - 50% - 4:25
2 - 45% - 50% - 3:36
PK Forward
1 - 51% - 50% - 2:05
2 - 49% - 50% - 1:58
PK Defense
1 - 49% - 50% - 1:59
2 - 51% - 50% - 2:04
PK3 Forward
1 - 0% - 50%
2 - 0% - 50%
PK3 Defense
1 - 0% - 50%
2 - 0% - 50%
44 Forward
1 - 52% - 50% - 0:59
2 - 48% - 50% - 0:55
44 Defense
1 - 32% - 50% - 0:37
2 - 68% - 50% - 1:17
Last Minute Offensive - 0:00
Last Minute Defensive - 0:00
Total
Forward - 60:00
Defense - 60:00
|
Play-by-Play
1st period
0:01 of 1st period - Matt Duchene wins face-off versus Aleksander Barkov in neutral zone.
1:07 of 1st period - Snap shot by Jordan Greenway.
1:07 of 1st period - Stopped by Justus Annunen with a rebound.
1:09 of 1st period - Slapshot by Alexandre Carrier.
1:09 of 1st period - Shot Misses the Net.
1:11 of 1st period - Snap shot by Alexandre Carrier.
1:11 of 1st period - Stopped by Justus Annunen with a rebound.
1:13 of 1st period - Snap shot by Luke Kunin.
1:13 of 1st period - Deflect By Michael McCarron.
1:13 of 1st period - Shot Misses the Net.
1:13 of 1st period - Puck is out of play.
1:14 of 1st period - Shane Pinto wins face-off versus Aleksander Barkov in Vancouver Canucks zone.
1:17 of 1st period - Snap shot by Alex DeBrincat.
1:17 of 1st period - Stopped by Justus Annunen with a rebound.
1:19 of 1st period - Slapshot by Marc Staal.
1:19 of 1st period - Shot Blocked by Aleksander Barkov.
1:25 of 1st period - Snap shot by Timo Meier.
1:25 of 1st period - Stopped by Justus Annunen without a rebound.
1:26 of 1st period - Connor Zary wins face-off versus Matt Duchene in Vancouver Canucks zone.
1:35 of 1st period - Slapshot by Connor Zary.
1:35 of 1st period - Stopped by Joseph Woll with a rebound.
3:02 of 1st period - Snap shot by Matt Duchene.
3:02 of 1st period - Shot Misses the Net.
4:19 of 1st period - Emil Martinsen Lilleberg is hit by Jordan Greenway and loses puck.
5:12 of 1st period - Snap shot by Matias Maccelli.
5:12 of 1st period - Shot Misses the Net.
5:22 of 1st period - Wrist shot by Artturi Lehkonen.
5:22 of 1st period - Shot Misses the Net.
5:24 of 1st period - Slapshot by Jacob Bernard-Docker.
5:24 of 1st period - Shot Blocked by Michael Anderson.
5:26 of 1st period - Slapshot by Artturi Lehkonen.
5:26 of 1st period - Stopped by Joseph Woll with a rebound.
5:28 of 1st period - Snap shot by Robby Fabbri.
5:28 of 1st period - Deflect By Connor Zary.
5:28 of 1st period - Shot Hit the Post.
5:28 of 1st period - Puck is out of play.
5:29 of 1st period - Matt Duchene wins face-off versus Connor Zary in Quebec Nordiques zone.
5:36 of 1st period - Robby Fabbri is hit by Michael Anderson and loses puck.
5:55 of 1st period - Jacob Bernard-Docker is hit by Michael Anderson and loses puck.
6:13 of 1st period - Minor Penalty to J.J. Moser for Interference.
6:14 of 1st period - Mikko Rantanen wins face-off versus Michael McCarron in Quebec Nordiques zone.
6:42 of 1st period - Marc Staal is hit by Connor Zary and loses puck.
8:13 of 1st period - Penalty to J.J. Moser is over, J.J. Moser is back on ice.
8:32 of 1st period - Icing by Cole Perfetti.
8:33 of 1st period - Jonatan Berggren wins face-off versus Jesperi Kotkaniemi in Quebec Nordiques zone.
8:56 of 1st period - Slapshot by Marco Rossi.
8:56 of 1st period - Deflect By Jonatan Berggren.
8:56 of 1st period - Stopped by Justus Annunen without a rebound.
8:57 of 1st period - Rickard Rakell wins face-off versus Aleksander Barkov in Vancouver Canucks zone.
9:26 of 1st period - Off-side.
9:27 of 1st period - Connor Zary wins face-off versus Shane Pinto in neutral zone.
9:57 of 1st period - Miro Heiskanen is hit by Anthony Mantha and loses puck.
10:15 of 1st period - Jacob Bernard-Docker is hit by Michael McCarron and loses puck.
10:31 of 1st period - Icing by Marc Staal.
10:32 of 1st period - Marco Rossi wins face-off versus Matias Maccelli in Quebec Nordiques zone.
11:21 of 1st period - Snap shot by Matt Duchene.
11:21 of 1st period - Shot Blocked by Robby Fabbri.
12:07 of 1st period - Snap shot by Marco Rossi.
12:07 of 1st period - Shot Misses the Net.
13:14 of 1st period - Snap shot by Matt Duchene.
13:14 of 1st period - Shot Blocked by Ty Dellandrea.
13:16 of 1st period - Slapshot by Jonas Siegenthaler.
13:16 of 1st period - Deflect By Ryan McDonagh.
13:16 of 1st period - Stopped by Justus Annunen without a rebound.
13:17 of 1st period - Aleksander Barkov wins face-off versus Shane Pinto in Vancouver Canucks zone.
13:55 of 1st period - Minor Penalty to Robby Fabbri for Tripping.
13:56 of 1st period - Aleksander Barkov wins face-off versus Matt Duchene in Vancouver Canucks zone.
14:00 of 1st period - Minor Penalty to Matt Duchene for Cross-checking.
14:01 of 1st period - Mikko Rantanen wins face-off versus Marco Rossi in Quebec Nordiques zone.
14:01 of 1st period - Snap shot by Clayton Keller.
14:01 of 1st period - Goal by Clayton Keller - Quebec Nordiques : 0 - Vancouver Canucks : 1.
14:02 of 1st period - Shane Pinto wins face-off versus Casey Mittelstadt in neutral zone.
14:42 of 1st period - Snap shot by Alex DeBrincat.
14:42 of 1st period - Shot Misses the Net.
14:44 of 1st period - Wrist shot by Shane Pinto.
14:44 of 1st period - Goal by Shane Pinto - Quebec Nordiques : 1 - Vancouver Canucks : 1.
14:45 of 1st period - Mikko Rantanen wins face-off versus Marco Rossi in neutral zone.
15:11 of 1st period - Shane Pinto is hit by Ryan McDonagh and loses puck.
15:55 of 1st period - Penalty to Robby Fabbri is over, Robby Fabbri is back on ice.
16:00 of 1st period - Penalty to Matt Duchene is over, Matt Duchene is back on ice.
16:03 of 1st period - Snap shot by Connor Zary.
16:03 of 1st period - Shot Misses the Net.
16:13 of 1st period - Snap shot by Matias Maccelli.
16:13 of 1st period - Stopped by Joseph Woll with a rebound.
16:17 of 1st period - Wrist shot by Jesperi Kotkaniemi.
16:17 of 1st period - Shot Misses the Net.
16:19 of 1st period - Slapshot by Ryan McDonagh.
16:19 of 1st period - Shot Blocked by Michael McCarron.
16:30 of 1st period - Snap shot by Timo Meier.
16:30 of 1st period - Shot Misses the Net.
16:48 of 1st period - Slapshot by Mikko Rantanen.
16:48 of 1st period - Stopped by Joseph Woll with a rebound.
18:17 of 1st period - Casey Mittelstadt is hit by Jonas Siegenthaler and loses puck.
18:28 of 1st period - Miro Heiskanen is hit by Timo Meier and loses puck.
18:40 of 1st period - Casey Mittelstadt is hit by Shane Pinto and loses puck.
19:04 of 1st period - Luke Kunin is hit by Ty Dellandrea and loses puck.
19:17 of 1st period - Slapshot by Anton Lundell.
19:17 of 1st period - Stopped by Joseph Woll without a rebound.
19:18 of 1st period - Marco Rossi wins face-off versus Aleksander Barkov in Quebec Nordiques zone.
19:27 of 1st period - Chad Ruhwedel is hit by Marc Staal and loses puck.
19:54 of 1st period - Wrist shot by Shane Pinto.
19:54 of 1st period - Shot Misses the Net.
Goals for this period are 1 for Quebec Nordiques vs 1 for Vancouver Canucks.
Shots for this period are 7 for Quebec Nordiques vs 6 for Vancouver Canucks.
2nd period
0:01 of 2nd period - Aleksander Barkov wins face-off versus Matt Duchene in neutral zone.
0:04 of 2nd period - Rickard Rakell is hit by Aleksander Barkov and loses puck.
0:14 of 2nd period - Icing by Miro Heiskanen.
0:15 of 2nd period - Alex DeBrincat wins face-off versus Aleksander Barkov in Vancouver Canucks zone.
1:00 of 2nd period - Ryan McDonagh is hit by Marco Rossi.
1:06 of 2nd period - Jonatan Berggren is hit by Emil Martinsen Lilleberg and loses puck.
1:29 of 2nd period - Wrist shot by Matias Maccelli.
1:29 of 2nd period - Shot Blocked by Marc Staal.
1:31 of 2nd period - Snap shot by Brett Leason.
1:31 of 2nd period - Shot Misses the Net.
1:41 of 2nd period - Snap shot by Alex DeBrincat.
1:41 of 2nd period - Shot Blocked by Clayton Keller.
1:43 of 2nd period - Slapshot by Alex DeBrincat.
1:43 of 2nd period - Shot Misses the Net.
1:45 of 2nd period - Snap shot by Timo Meier.
1:45 of 2nd period - Stopped by Justus Annunen without a rebound.
1:46 of 2nd period - Aleksander Barkov wins face-off versus Shane Pinto in Vancouver Canucks zone.
1:46 of 2nd period - Aleksander Barkov is hit by Shane Pinto.
1:58 of 2nd period - Wrist shot by Aleksander Barkov.
1:58 of 2nd period - Stopped by Joseph Woll without a rebound.
1:59 of 2nd period - Matt Duchene wins face-off versus Aleksander Barkov in Quebec Nordiques zone.
1:59 of 2nd period - Matt Duchene is hit by Mikko Rantanen.
2:02 of 2nd period - Minor Penalty to Rickard Rakell for Delaying the game.
2:03 of 2nd period - Casey Mittelstadt wins face-off versus Shane Pinto in Quebec Nordiques zone.
2:17 of 2nd period - Slapshot by Robby Fabbri.
2:17 of 2nd period - Shot Misses the Net.
2:51 of 2nd period - Miro Heiskanen is hit by Luke Kunin.
3:05 of 2nd period - Icing by Mikko Rantanen.
3:06 of 2nd period - Mikko Rantanen wins face-off versus Michael McCarron in Vancouver Canucks zone.
4:02 of 2nd period - Penalty to Rickard Rakell is over, Rickard Rakell is back on ice.
4:13 of 2nd period - Snap shot by Matias Maccelli.
4:13 of 2nd period - Shot Misses the Net.
4:23 of 2nd period - Jesperi Kotkaniemi is hit by Rickard Rakell and loses puck.
4:40 of 2nd period - Snap shot by Marco Rossi.
4:40 of 2nd period - Stopped by Justus Annunen without a rebound.
4:41 of 2nd period - Marco Rossi wins face-off versus Aleksander Barkov in Vancouver Canucks zone.
4:50 of 2nd period - Wrist shot by Clayton Keller.
4:50 of 2nd period - Shot Blocked by J.J. Moser.
5:00 of 2nd period - Wrist shot by Artturi Lehkonen.
5:00 of 2nd period - Shot Misses the Net.
5:02 of 2nd period - Snap shot by Jacob Bernard-Docker.
5:02 of 2nd period - Shot Misses the Net.
5:04 of 2nd period - Slapshot by Ryan McDonagh.
5:04 of 2nd period - Shot Misses the Net.
5:22 of 2nd period - Snap shot by Brett Leason.
5:22 of 2nd period - Shot Misses the Net.
5:48 of 2nd period - Snap shot by Rickard Rakell.
5:48 of 2nd period - Shot Blocked by Casey Mittelstadt.
6:28 of 2nd period - Snap shot by Shane Pinto.
6:28 of 2nd period - Stopped by Justus Annunen with a rebound.
6:30 of 2nd period - Slapshot by Alexandre Carrier.
6:30 of 2nd period - Stopped by Justus Annunen without a rebound.
6:31 of 2nd period - Matt Duchene wins face-off versus Aleksander Barkov in Vancouver Canucks zone.
6:38 of 2nd period - Slapshot by Matt Duchene.
6:38 of 2nd period - Shot Misses the Net.
6:44 of 2nd period - Snap shot by Rickard Rakell.
6:44 of 2nd period - Shot Misses the Net.
6:58 of 2nd period - Jacob Bernard-Docker is hit by Cole Perfetti and loses puck.
7:12 of 2nd period - Robby Fabbri is hit by Marco Rossi and loses puck.
7:34 of 2nd period - Minor Penalty to Miro Heiskanen for Tripping.
7:35 of 2nd period - Artturi Lehkonen wins face-off versus Cole Perfetti in Vancouver Canucks zone.
9:34 of 2nd period - Penalty to Miro Heiskanen is over, Miro Heiskanen is back on ice.
10:25 of 2nd period - Alex DeBrincat is hit by Emil Martinsen Lilleberg and loses puck.
10:49 of 2nd period - Emil Martinsen Lilleberg is hit by Marco Rossi and loses puck.
11:08 of 2nd period - Marc Staal is hit by Artturi Lehkonen.
11:50 of 2nd period - Snap shot by Matias Maccelli.
11:50 of 2nd period - Stopped by Joseph Woll with a rebound.
11:52 of 2nd period - Snap shot by Noah Hanifin.
11:52 of 2nd period - Stopped by Joseph Woll without a rebound.
11:53 of 2nd period - Aleksander Barkov wins face-off versus Michael McCarron in Quebec Nordiques zone.
12:02 of 2nd period - Wrist shot by Aleksander Barkov.
12:02 of 2nd period - Shot Misses the Net.
12:04 of 2nd period - Snap shot by Aleksander Barkov.
12:04 of 2nd period - Stopped by Joseph Woll without a rebound.
12:05 of 2nd period - Connor Zary wins face-off versus Shane Pinto in Quebec Nordiques zone.
12:30 of 2nd period - Clayton Keller is hit by Anthony Mantha and loses puck.
12:54 of 2nd period - Wrist shot by Ty Dellandrea.
12:54 of 2nd period - Shot Misses the Net.
12:56 of 2nd period - Wrist shot by Casey Mittelstadt.
12:56 of 2nd period - Goal by Casey Mittelstadt - Quebec Nordiques : 1 - Vancouver Canucks : 2.
12:57 of 2nd period - Shane Pinto wins face-off versus Aleksander Barkov in neutral zone.
13:00 of 2nd period - Wrist shot by Timo Meier.
13:00 of 2nd period - Deflect By Alex DeBrincat.
13:00 of 2nd period - Stopped by Justus Annunen with a rebound.
13:18 of 2nd period - Anthony Mantha is hit by Clayton Keller and loses puck.
13:29 of 2nd period - Snap shot by Cole Perfetti.
13:29 of 2nd period - Shot Blocked by Connor Zary.
13:31 of 2nd period - Snap shot by Jonas Siegenthaler.
13:31 of 2nd period - Deflect By Miro Heiskanen.
13:31 of 2nd period - Stopped by Justus Annunen with a rebound.
13:33 of 2nd period - Snap shot by Marco Rossi.
13:33 of 2nd period - Shot Misses the Net.
13:35 of 2nd period - Slapshot by Alexandre Carrier.
13:35 of 2nd period - Stopped by Justus Annunen with a rebound.
13:59 of 2nd period - Snap shot by Luke Kunin.
13:59 of 2nd period - Stopped by Justus Annunen with a rebound.
14:55 of 2nd period - Wrist shot by Marco Rossi.
14:55 of 2nd period - Stopped by Justus Annunen with a rebound.
15:17 of 2nd period - Wrist shot by Artturi Lehkonen.
15:17 of 2nd period - Shot Misses the Net.
15:36 of 2nd period - Slapshot by J.J. Moser.
15:36 of 2nd period - Shot Misses the Net.
15:38 of 2nd period - Slapshot by Alex DeBrincat.
15:38 of 2nd period - Stopped by Justus Annunen without a rebound.
15:39 of 2nd period - Shane Pinto wins face-off versus Aleksander Barkov in Vancouver Canucks zone.
15:55 of 2nd period - Slapshot by Ryan McDonagh.
15:55 of 2nd period - Shot Blocked by Alexandre Carrier.
16:10 of 2nd period - Wrist shot by Timo Meier.
16:10 of 2nd period - Goal by Timo Meier - Quebec Nordiques : 2 - Vancouver Canucks : 2.
16:11 of 2nd period - Matt Duchene wins face-off versus Aleksander Barkov in neutral zone.
16:57 of 2nd period - Snap shot by Casey Mittelstadt.
16:57 of 2nd period - Deflect By Ty Dellandrea.
16:57 of 2nd period - Shot Misses the Net.
16:57 of 2nd period - Puck is out of play.
16:58 of 2nd period - Shane Pinto wins face-off versus Casey Mittelstadt in Quebec Nordiques zone.
17:19 of 2nd period - Off-side.
17:20 of 2nd period - Matt Duchene wins face-off versus Aleksander Barkov in neutral zone.
17:29 of 2nd period - Snap shot by Rickard Rakell.
17:29 of 2nd period - Stopped by Justus Annunen without a rebound.
17:30 of 2nd period - Aleksander Barkov wins face-off versus Matt Duchene in Vancouver Canucks zone.
17:56 of 2nd period - Slapshot by Matt Duchene.
17:56 of 2nd period - Shot Misses the Net.
17:58 of 2nd period - Backhand shot by Rickard Rakell.
17:58 of 2nd period - Shot Misses the Net.
18:00 of 2nd period - Slapshot by Matt Duchene.
18:00 of 2nd period - Shot Blocked by Mikko Rantanen.
18:02 of 2nd period - Slapshot by Alexandre Carrier.
18:02 of 2nd period - Shot Blocked by Noah Hanifin.
18:04 of 2nd period - Snap shot by Rickard Rakell.
18:04 of 2nd period - Stopped by Justus Annunen with a rebound.
18:06 of 2nd period - Slapshot by Jonas Siegenthaler.
18:06 of 2nd period - Stopped by Justus Annunen with a rebound.
18:08 of 2nd period - Slapshot by Anthony Mantha.
18:08 of 2nd period - Shot Blocked by Mikko Rantanen.
18:10 of 2nd period - Slapshot by Alexandre Carrier.
18:10 of 2nd period - Stopped by Justus Annunen without a rebound.
18:11 of 2nd period - Shane Pinto wins face-off versus Connor Zary in Vancouver Canucks zone.
18:22 of 2nd period - Snap shot by Alex DeBrincat.
18:22 of 2nd period - Stopped by Justus Annunen with a rebound.
18:24 of 2nd period - Snap shot by Alex DeBrincat.
18:24 of 2nd period - Deflect By Shane Pinto.
18:24 of 2nd period - Shot Blocked by Connor Zary.
18:24 of 2nd period - Puck is out of play.
18:25 of 2nd period - Marco Rossi wins face-off versus Robby Fabbri in Vancouver Canucks zone.
18:37 of 2nd period - Off-side.
18:38 of 2nd period - Aleksander Barkov wins face-off versus Matt Duchene in neutral zone.
18:43 of 2nd period - Snap shot by Mikko Rantanen.
18:43 of 2nd period - Shot Misses the Net.
18:45 of 2nd period - Slapshot by Miro Heiskanen.
18:45 of 2nd period - Deflect By Matt Duchene.
18:45 of 2nd period - Stopped by Joseph Woll without a rebound.
18:46 of 2nd period - Aleksander Barkov wins face-off versus Matt Duchene in Quebec Nordiques zone.
18:57 of 2nd period - Wrist shot by Aleksander Barkov.
18:57 of 2nd period - Stopped by Joseph Woll with a rebound.
18:59 of 2nd period - Slapshot by Miro Heiskanen.
18:59 of 2nd period - Stopped by Joseph Woll without a rebound.
19:00 of 2nd period - Shane Pinto wins face-off versus Aleksander Barkov in Quebec Nordiques zone.
19:13 of 2nd period - Timo Meier is hit by Clayton Keller and loses puck.
Goals for this period are 1 for Quebec Nordiques vs 1 for Vancouver Canucks.
Shots for this period are 16 for Quebec Nordiques vs 8 for Vancouver Canucks.
3rd period
0:01 of 3rd period - Matt Duchene wins face-off versus Aleksander Barkov in neutral zone.
0:06 of 3rd period - Slapshot by Matt Duchene.
0:06 of 3rd period - Shot Misses the Net.
1:59 of 3rd period - Wrist shot by Connor Zary.
1:59 of 3rd period - Shot Misses the Net.
2:01 of 3rd period - Slapshot by Ryan McDonagh.
2:01 of 3rd period - Shot Blocked by Jonatan Berggren.
2:51 of 3rd period - Shane Pinto is hit by Artturi Lehkonen and loses puck.
3:14 of 3rd period - Wrist shot by Alex DeBrincat.
3:14 of 3rd period - Stopped by Justus Annunen with a rebound.
3:41 of 3rd period - Casey Mittelstadt is hit by Marc Staal.
4:04 of 3rd period - Aleksander Barkov is hit by Michael McCarron and loses puck.
4:23 of 3rd period - Marco Rossi is hit by Mikko Rantanen and loses puck.
4:55 of 3rd period - Luke Kunin is hit by Casey Mittelstadt.
4:59 of 3rd period - Snap shot by Casey Mittelstadt.
4:59 of 3rd period - Shot Misses the Net.
5:03 of 3rd period - Snap shot by Anton Lundell.
5:03 of 3rd period - Goal by Anton Lundell - Quebec Nordiques : 2 - Vancouver Canucks : 3.
5:04 of 3rd period - Matt Duchene wins face-off versus Connor Zary in neutral zone.
5:07 of 3rd period - Wrist shot by Rickard Rakell.
5:07 of 3rd period - Shot Blocked by Artturi Lehkonen.
5:31 of 3rd period - Clayton Keller is hit by Timo Meier and loses puck.
6:07 of 3rd period - Minor Penalty to Anton Lundell for Diving.
6:08 of 3rd period - Artturi Lehkonen wins face-off versus Shane Pinto in Vancouver Canucks zone.
6:42 of 3rd period - Ty Dellandrea is hit by J.J. Moser and loses puck.
7:07 of 3rd period - Brett Leason is hit by Alex DeBrincat and loses puck.
7:26 of 3rd period - Aleksander Barkov is hit by Cole Perfetti and loses puck.
8:07 of 3rd period - Penalty to Anton Lundell is over, Anton Lundell is back on ice.
8:35 of 3rd period - Ryan Shea is hit by Jesperi Kotkaniemi.
8:57 of 3rd period - Emil Martinsen Lilleberg is hit by Marco Rossi and loses puck.
9:18 of 3rd period - Ryan McDonagh is hit by Shane Pinto and loses puck.
9:35 of 3rd period - Snap shot by Robby Fabbri.
9:35 of 3rd period - Stopped by Joseph Woll without a rebound.
9:36 of 3rd period - Marco Rossi wins face-off versus Connor Zary in Quebec Nordiques zone.
9:36 of 3rd period - Marco Rossi is hit by Connor Zary.
10:04 of 3rd period - Wrist shot by Mikko Rantanen.
10:04 of 3rd period - Stopped by Joseph Woll with a rebound.
10:06 of 3rd period - Snap shot by Mikko Rantanen.
10:06 of 3rd period - Goal by Mikko Rantanen - Quebec Nordiques : 2 - Vancouver Canucks : 4.
10:07 of 3rd period - Matt Duchene wins face-off versus Clayton Keller in neutral zone.
10:18 of 3rd period - Aleksander Barkov is hit by Matt Duchene and loses puck.
10:23 of 3rd period - Wrist shot by Anthony Mantha.
10:23 of 3rd period - Shot Misses the Net.
10:36 of 3rd period - Wrist shot by Miro Heiskanen.
10:36 of 3rd period - Stopped by Joseph Woll without a rebound.
10:37 of 3rd period - Connor Zary wins face-off versus Shane Pinto in Quebec Nordiques zone.
10:48 of 3rd period - Snap shot by Connor Zary.
10:48 of 3rd period - Stopped by Joseph Woll without a rebound.
10:49 of 3rd period - Matt Duchene wins face-off versus Aleksander Barkov in Quebec Nordiques zone.
10:56 of 3rd period - Clayton Keller is hit by Matt Duchene and loses puck.
11:47 of 3rd period - Wrist shot by Marco Rossi.
11:47 of 3rd period - Shot Misses the Net.
12:40 of 3rd period - Slapshot by Connor Zary.
12:40 of 3rd period - Stopped by Joseph Woll without a rebound.
12:41 of 3rd period - Connor Zary wins face-off versus Shane Pinto in Quebec Nordiques zone.
12:53 of 3rd period - Minor Penalty to Alex DeBrincat for Tripping.
12:54 of 3rd period - Casey Mittelstadt wins face-off versus Shane Pinto in Quebec Nordiques zone.
13:04 of 3rd period - Wrist shot by Casey Mittelstadt.
13:04 of 3rd period - Stopped by Joseph Woll with a rebound.
13:06 of 3rd period - Snap shot by Casey Mittelstadt.
13:06 of 3rd period - Shot Misses the Net.
13:08 of 3rd period - Wrist shot by Casey Mittelstadt.
13:08 of 3rd period - Shot Blocked by J.J. Moser.
13:10 of 3rd period - Slapshot by Casey Mittelstadt.
13:10 of 3rd period - Deflect By Robby Fabbri.
13:10 of 3rd period - Shot Misses the Net.
13:10 of 3rd period - Puck is out of play.
13:11 of 3rd period - Mikko Rantanen wins face-off versus Shane Pinto in Quebec Nordiques zone.
13:12 of 3rd period - Snap shot by Clayton Keller.
13:12 of 3rd period - Stopped by Joseph Woll with a rebound.
13:14 of 3rd period - Wrist shot by Clayton Keller.
13:14 of 3rd period - Shot Misses the Net.
13:18 of 3rd period - Snap shot by Mikko Rantanen.
13:18 of 3rd period - Shot Blocked by Shane Pinto.
13:20 of 3rd period - Slapshot by Artturi Lehkonen.
13:20 of 3rd period - Stopped by Joseph Woll without a rebound.
13:21 of 3rd period - Shane Pinto wins face-off versus Mikko Rantanen in Quebec Nordiques zone.
13:21 of 3rd period - Shane Pinto is hit by Artturi Lehkonen.
14:03 of 3rd period - J.J. Moser is hit by Aleksander Barkov.
14:30 of 3rd period - Snap shot by Mikko Rantanen.
14:30 of 3rd period - Stopped by Joseph Woll without a rebound.
14:31 of 3rd period - Casey Mittelstadt wins face-off versus Shane Pinto in Quebec Nordiques zone.
14:53 of 3rd period - Penalty to Alex DeBrincat is over, Alex DeBrincat is back on ice.
14:56 of 3rd period - Michael Anderson is hit by Robby Fabbri and loses puck.
15:03 of 3rd period - Snap shot by Casey Mittelstadt.
15:03 of 3rd period - Deflect By Connor Zary.
15:03 of 3rd period - Stopped by Joseph Woll with a rebound.
15:05 of 3rd period - Slapshot by Anton Lundell.
15:05 of 3rd period - Stopped by Joseph Woll with a rebound.
15:52 of 3rd period - Wrist shot by Robby Fabbri.
15:52 of 3rd period - Goal by Robby Fabbri - Quebec Nordiques : 2 - Vancouver Canucks : 5.
15:53 of 3rd period - Marco Rossi wins face-off versus Clayton Keller in neutral zone.
16:00 of 3rd period - Snap shot by Jonatan Berggren.
16:00 of 3rd period - Stopped by Justus Annunen with a rebound.
16:02 of 3rd period - Slapshot by Ryan Shea.
16:02 of 3rd period - Stopped by Justus Annunen without a rebound.
16:03 of 3rd period - Marco Rossi wins face-off versus Aleksander Barkov in Vancouver Canucks zone.
16:10 of 3rd period - Slapshot by Cole Perfetti.
16:10 of 3rd period - Stopped by Justus Annunen without a rebound.
16:11 of 3rd period - Aleksander Barkov wins face-off versus Timo Meier in Vancouver Canucks zone.
17:42 of 3rd period - Icing by Jacob Bernard-Docker.
17:43 of 3rd period - Aleksander Barkov wins face-off versus Shane Pinto in Vancouver Canucks zone.
17:43 of 3rd period - Aleksander Barkov is hit by Shane Pinto.
17:48 of 3rd period - Minor Penalty to Timo Meier for Tripping.
17:49 of 3rd period - Shane Pinto wins face-off versus Casey Mittelstadt in Quebec Nordiques zone.
17:49 of 3rd period - Shane Pinto is hit by Noah Hanifin.
18:02 of 3rd period - Snap shot by Connor Zary.
18:02 of 3rd period - Shot Blocked by J.J. Moser.
18:04 of 3rd period - Wrist shot by Casey Mittelstadt.
18:04 of 3rd period - Deflect By Jordan Greenway.
18:04 of 3rd period - Stopped by Joseph Woll without a rebound.
18:05 of 3rd period - Mikko Rantanen wins face-off versus Shane Pinto in Quebec Nordiques zone.
19:43 of 3rd period - Connor Zary is hit by Shane Pinto and loses puck.
19:48 of 3rd period - Penalty to Timo Meier is over, Timo Meier is back on ice.
Goals for this period are 0 for Quebec Nordiques vs 3 for Vancouver Canucks.
Shots for this period are 4 for Quebec Nordiques vs 15 for Vancouver Canucks.
Back to the Top